 Dungeon Crawl Stone Soup version 0.30-a0-528-g8c47a4955b (webtiles) character file.

Game seed: 1750483427209205615

66 Darkkill the Shooter (level 3, 0/31 HPs)
             Began as a Minotaur Hunter on Dec 23, 2022.
             Frozen to death by an endoplasm (4 damage)
             ... on level 3 of the Dungeon.
             The game lasted 00:02:19 (2152 turns).

Darkkill the Shooter (Minotaur Hunter)              Turns: 2152, Time: 00:02:19

Health: 0/31       AC:  5    Str: 15    XL:     3   Next: 96%
Magic:  2/2        EV: 12    Int:  6    God:
Gold:   87         SH:  0    Dex: 15    Spells: 2/2 levels left

rFire   . . .      SeeInvis .    a - +0 shortbow
rCold   . . .      Faith    .    (shield currently unavailable)
rNeg    . . .      Spirit   .    c - +0 leather armour
rPois   .          Reflect  .    f - +2 hat
rElec   .          Harm     .    (no cloak)
rCorr   .          Rampage  .    (no gloves)
Will    .....                    (no boots)
Stlth   ++                       (no amulet)
HPRegen 0.25/turn                (no ring)
MPRegen 0.08/turn                (no ring)

@: no status effects
A: horns 2, retaliatory headbutt
a: no special abilities


You were on level 3 of the Dungeon.
You visited 1 branch of the dungeon, and saw 3 of its levels.

You collected 87 gold pieces.

Inventory:

Hand Weapons
 a - a +0 shortbow (weapon)
Missiles
 d - 5 stones
 i - 3 boomerangs
Armour
 c - a +0 leather armour (worn)
 f - a +2 hat (worn)
Scrolls
 b - a scroll of immolation
 e - a scroll of blinking
Potions
 g - a potion of magic


   Skills:
 + Level 3.2 Fighting
 + Level 4.9 Ranged Weapons
 + Level 3.0 Dodging
 + Level 1.7 Stealth


You had 2 spell levels left.
You didn't know any spells.
Your spell library contained the following spells:

 Spells                   Type           Power      Damage    Failure   Level
 Ensorcelled Hibernation  Hex/Ice        0%         N/A       67%         2
 Spider Form              Tmut/Pois      0%         N/A       88%         3
 Anguish                  Hex/Necr       0%         N/A       99%         4


Dungeon Overview and Level Annotations

Branches:
Dungeon (3/15)

Altars:


Innate Abilities, Weirdness & Mutations

You have a pair of horns on your head.
You reflexively headbutt those who attack you in melee.


Message History

You shoot an arrow. The arrow barely misses the hobgoblin.
There are monsters nearby!
You shoot an arrow.
The arrow closely misses the ball python.
The ball python barely misses you. The ball python grabs you.
The ball python constricts you. The ball python bites you.
The ball python constricts you.
You shoot an arrow.
The arrow hits the ball python but does no damage.
The ball python closely misses you. The ball python constricts you.
There are monsters nearby!
There are monsters nearby!
You shoot an arrow.
The arrow closely misses the ball python.
The ball python bites you but does no damage.
The ball python constricts you.
The hobgoblin hits you but does no damage.
The ball python bites you but does no damage.
The ball python constricts you. The hobgoblin hits you.
There are monsters nearby!
You shoot an arrow.
The arrow barely misses the ball python.
The ball python barely misses you. The ball python constricts you.
The hobgoblin hits you.
There are monsters nearby!
You are too injured to fight recklessly!
You are too injured to fight recklessly!
There are monsters nearby!
There are monsters nearby!
You are too injured to fight recklessly!
You shoot an arrow. The arrow hits the ball python.
You kill the ball python!
The hobgoblin hits you.
Your Dodging skill increases to level 3!
The hobgoblin closely misses you. You furiously retaliate!
You headbutt the hobgoblin. You shoot an arrow. The arrow hits the hobgoblin!
You kill the hobgoblin!
h - a scroll of identify {@r1} You see here a hobgoblin corpse.
As you read the scroll of identify {@r1}, it crumbles to dust.
g - a potion of magic A gnoll comes into view.
It is wielding a +0 flail.
You shoot an arrow. The gnoll shouts!
The arrow hits the gnoll.
The gnoll is heavily wounded.
A frilled lizard comes into view.
You shoot an arrow. The arrow hits the frilled lizard.
You kill the frilled lizard!
You shoot an arrow. The arrow closely misses the gnoll.
An endoplasm comes into view.
There are monsters nearby!
You shoot an arrow. The arrow barely misses the gnoll.
The endoplasm quivers.
The gnoll hits you with a +0 flail.
There are monsters nearby!
There are monsters nearby!
You are too injured to fight recklessly!
There are monsters nearby!
You are too injured to fight recklessly!
There are monsters nearby!
You are too injured to fight recklessly!
There are monsters nearby!
You are too injured to fight recklessly!
There are monsters nearby!
You are too injured to fight recklessly!
There are monsters nearby!
You are too injured to fight recklessly!
There are monsters nearby!
You are too injured to fight recklessly!
There are monsters nearby!
You are too injured to fight recklessly!
There are monsters nearby!
You are too injured to fight recklessly!
You shoot an arrow.
The arrow hits the gnoll but does no damage.
The gnoll is moderately wounded.
The gnoll hits you with a +0 flail. The gnoll hits you with a +0 flail!
* * * LOW HITPOINT WARNING * * *
You shoot an arrow. The arrow hits the gnoll.
The gnoll is heavily wounded.
The gnoll hits you with a +0 flail.
* * * LOW HITPOINT WARNING * * *
You shoot an arrow. The arrow hits the gnoll.
The gnoll is heavily wounded.
The gnoll closely misses you.
You shoot an arrow. The arrow hits the gnoll.
The gnoll is severely wounded.
The gnoll hits you with a +0 flail.
* * * LOW HITPOINT WARNING * * *
The gnoll barely misses you.
You shoot an arrow.
The arrow hits the gnoll but does no damage.
The gnoll is severely wounded.
The gnoll closely misses you.
You shoot an arrow. The arrow barely misses the gnoll.
The endoplasm freezes you.
You are frozen.
You die...

............#
#..........#
#..........#
#..........# ..
#.)........#....
###...............
##...##.....##
#....######.#####
###.##...## #.@...#
#..........###gJ.....#
##................#....
#............>.........
#.................### #
##...........##....#
#............ ...#..
............. #......
.............


You could see a gnoll and an endoplasm.

Vanquished Creatures
  2 adders (D:2)
  An orc (D:3)
  4 ball pythons
  4 bats
  5 endoplasms
  3 giant cockroaches
  4 goblins
  8 hobgoblins
  3 quokkas
  3 frilled lizards (D:3)
  2 kobolds
  2 rats (D:1)
41 creatures vanquished.

Notes
Turn   | Place    | Note
-------+----------+-------------------------------------------
     0 | D:1      | Darkkill the Minotaur Hunter began the quest for the Orb.
     0 | D:1      | Reached XP level 1. HP: 18/18 MP: 0/0
    54 | D:1      | Reached skill level 1 in Stealth
    61 | D:1      | Reached XP level 2. HP: 16/25 MP: 1/1
   661 | D:1      | Reached XP level 3. HP: 30/30 MP: 2/2
  2150 | D:3      | HP: 3/31 [gnoll/+0 flail (4)]
  2152 | D:3      | Frozen to death by an endoplasm

Illustrated notes

Levels and vault maps discovered:
D:1:      minmay_arrival_radiant_lines, layout_basic
D:2:      layout_basic
D:3:      layout_rooms, gammafunk_temple_overflow_statue,
          kennysheep_okawaru_gauntlet, minmay_misc_feat_hallway,
          kennysheep_nondescript

Skill      XL: |  1  2  3 |
---------------+----------+-----
Stealth        | 1 |  1.7
Fighting       | 3 |  3.2
Dodging        | 3 |  3.0
Ranged Weapons | |  4.9

Action                   || total
-------------------------++-------
 Fire: Shortbow          ||   118
  Use: Scroll            ||     6
Armor: Leather armour    ||    16
Dodge: Dodged            ||    32

Table legend: (Time is in decaauts)
 A = Elapsed time spent in this place.
 B = Non-inter-level travel time spent in this place.
 C = Inter-level travel time spent in this place.
 D = Time resting spent in this place.
 E = Time spent auto-exploring this place.
 F = Levels seen in this place.
 G = Mean time per level.
                   A        B        C        D        E       F      G
               +--------+--------+--------+--------+--------+-----+--------+
         Total |   2187 |   2065 |    122 |    256 |   1552 |   3 |  729.0 |
       Dungeon |   2187 |   2065 |    122 |    256 |   1552 |   3 |  729.0 |
               +--------+--------+--------+--------+--------+-----+--------+

Top non-repeatable levels by time:
     D:2: 1250 daAuts
     D:1: 809 daAuts
     D:3: 127 daAuts

Table legend:
 A = Kills in this place as a percentage of kills in entire the game.
 B = Kills by you in this place as a percentage of kills by you in the entire game.
 C = Kills by friends in this place as a percentage of kills by friends in the entire game.
 D = Other kills in this place as a percentage of other kills in the entire game.
 E = Experience gained in this place as a percentage of experience gained in the entire game.
 F = Experience gained in this place divided by the number of levels of this place that you have seen.
                   A       B       C       D       E      F
               +-------+-------+-------+-------+-------+----------------------
         Total | 100.0 | 100.0 |   N/A |   N/A | 100.0 |  31.7
       Dungeon | 100.0 | 100.0 |   N/A |   N/A | 100.0 |  31.7
               +-------+-------+-------+-------+-------+----------------------
